Map: Tokamak LE

Players

HeroMarine - Winner!

  • Race: Terran Terran
  • Spawn Location: 1:00

trigger

  • Race: Protoss Protoss
  • League: Grandmaster
  • Spawn Location: 7:00

VOD

Have the link to the VOD?

Description

Time

  • Played on: Aug. 15, 2025, 8:08 a.m.
  • Length: 12:03
Show
View Real Time Build Order
Export as new Build Order

HeroMarine Terran - Winner!

Build Orders:  

Get SALT Encoding   

  12  0:00  SCV  
  13  0:12  SCV  
  14  0:17  Supply Depot  
  14  0:24  SCV  
  15  0:38  SCV  
  15  0:41  Barracks  
  16  0:43  Refinery  
  16  0:50  SCV  
  16  0:53  Refinery  
  17  1:03  SCV  
  18  1:15  SCV  
  19  1:27  Orbital Command, Reaper  
  20  1:40  Factory  
  20  1:45  Supply Depot  
  20  1:53  SCV  
  21  2:00  Reaper  
  22  2:05  SCV  
  23  2:16  Command Center  
  23  2:17  SCV  
  24  2:24  Hellion  
  27  2:30  SCV  
  27  2:32  Reaper  
  27  2:35  Supply Depot  
  28  2:42  SCV  
  29  2:45  Hellion  
  31  2:56  SCV  
  32  2:58  Starport  
  32  3:07  Barracks Reactor  
  32  3:08  Widow Mine  
  32  3:09  SCV  
  35  3:18  Barracks  
  35  3:21  SCV  
  36  3:27  Orbital Command  
  36  3:30  Widow Mine  
  36  3:33  SCV  
  39  3:39  Medivac  
  41  3:45  SCV  
  39  3:54  Marine x2  
  38  3:56  Factory Tech Lab  
  38  3:57  SCV x2  
  39  4:05  Supply Depot  
  39  4:06  Marine  
  39  4:09  SCV, Viking  
  43  4:12  Marine x2  
  43  4:13  SCV  
  43  4:15  Cyclone  
  49  4:21  SCV  
  50  4:25  SCV  
  50  4:27  Marine  
  50  4:28  Barracks  
  50  4:29  Marine  
  50  4:30  Marine  
  54  4:32  Engineering Bay  
  54  4:33  SCV  
  54  4:37  SCV  
  56  4:42  Viking  
  56  4:45  SCV  
  55  4:48  Supply Depot  
  55  4:49  SCV  
  55  4:50  Marine  
  55  4:52  Marine  
  58  4:57  SCV  
  58  4:58  Stimpack, Factory Tech Lab, Marine  
  60  5:01  SCV, Terran Infantry Weapons Level 1  
  60  5:04  Refinery  
  60  5:06  Missile Turret  
  61  5:09  SCV  
  61  5:10  Supply Depot  
  61  5:13  Starport Reactor  
  61  5:14  SCV  
  63  5:15  Marine  
  63  5:17  Marine x2  
  66  5:21  SCV  
  66  5:25  Missile Turret, Combat Shield, Marine  
  66  5:28  Factory Reactor  
  68  5:32  Supply Depot  
  68  5:33  Marine  
  68  5:35  Marine x2  
  69  5:38  SCV x2  
  69  5:40  Refinery  
  73  5:43  Marine  
  73  5:48  Supply Depot  
  74  5:51  Marine  
  74  5:53  Marine, Medivac  
  74  5:54  Missile Turret  
  74  5:55  Medivac  
  74  5:56  SCV x2  
  83  6:00  Marauder  
  83  6:02  Marauder  
  86  6:07  Supply Depot  
  86  6:09  Widow Mine x2, Marine  
  86  6:11  Marine  
  91  6:13  Supply Depot  
  92  6:21  Supply Depot  
  92  6:22  Marauder  
  94  6:29  Marauder, Marine x2  
  98  6:37  Widow Mine x2, Medivac x2  
  98  6:38  Concussive Shells  
  107  6:46  Marine  
  105  6:47  Marine  
  105  6:50  Command Center, Marine  
  105  6:51  Marine  
  100  7:05  Marauder, Marine  
  98  7:08  Marine  
  98  7:09  Marauder, Barracks  
  98  7:10  SCV x2, Barracks  
  103  7:22  SCV x2  
  94  7:23  Marine  
  94  7:26  Marauder  
  94  7:28  Terran Infantry Armor Level 1, Marine  
  86  7:30  Marauder  
  86  7:33  Widow Mine x2  
  86  7:34  SCV x2  
  87  7:38  Medivac x2  
  87  7:41  Marine  
  90  7:46  SCV x2, Marine  
  90  7:49  Marauder  
  93  7:58  SCV x2  
  93  8:03  Marauder, Barracks Tech Lab, Barracks Reactor  
  93  8:04  Marine x2  
  94  8:06  Widow Mine  
  94  8:07  Widow Mine  
  94  8:10  SCV x2, Marauder  
  98  8:22  SCV x2  
  98  8:23  Medivac x2  
  98  8:24  Marauder  
  98  8:26  Orbital Command  
  106  8:27  Marine x2  
  106  8:30  Marauder  
  106  8:32  Marauder  
  112  8:35  Widow Mine  
  112  8:36  Widow Mine  
  112  8:40  Armory  
  116  8:42  Engineering Bay  
  116  8:43  Marine  
  116  8:44  Marine  
  116  8:45  Marauder  
  120  8:52  Supply Depot x2  
  120  8:53  Medivac x2  
  120  8:54  Marauder  
  126  9:00  SCV x3  
  125  9:05  Marine  
  125  9:06  Marauder, Marine x2  
  125  9:07  Marauder, Widow Mine  
  115  9:13  Marine  
  115  9:15  Marauder  
  110  9:18  Widow Mine  
  110  9:23  Marine x2  
  111  9:26  Terran Infantry Armor Level 2  
  111  9:28  Terran Infantry Weapons Level 2  
  111  9:29  Command Center  
  111  9:32  Marauder x2  
  111  9:35  Marine x2  
  111  9:36  Marauder  
  119  9:41  Marine x2  
  119  9:42  Widow Mine  
  119  9:43  Widow Mine  
  122  9:52  SCV x2  
  123  9:53  Marauder, Marine x2  
  123  9:54  Marauder  
  123  9:57  Marine  
  123  9:58  Ghost Academy  
  123  9:59  Marine x2  
  128  10:05  Widow Mine x2, Medivac  
  128  10:06  Medivac  
  136  10:11  Marine x2  
  136  10:13  Bunker  
  138  10:14  Marauder  
  138  10:15  Marauder, Marine  
  138  10:17  Marine x2  
  143  10:25  SCV x2, Refinery x2  
  143  10:26  SCV  
  145  10:28  Marine  
  145  10:29  Marine  
  145  10:31  Widow Mine  
  149  10:37  Supply Depot  
  149  10:38  Marine x2  
  149  10:39  Marauder x2, Widow Mine  
  149  10:40  Medivac  
  149  10:41  Marine  
  160  10:43  Supply Depot  
  160  10:46  Marine x2  
  162  10:51  Starport  
  162  10:56  Marine x2  
  160  11:04  Marine x2  
  160  11:08  Ghost x3  
  171  11:13  SCV x3, Barracks  
  171  11:14  SCV, Barracks x2  
  173  11:25  Missile Turret, SCV x2  
  164  11:27  Marine x2  
  164  11:29  Marine  
  164  11:33  Missile Turret, Marine  
  164  11:37  Missile Turret, Marine  
  165  11:40  SCV x3  
Show
View Real Time Build Order
Export as new Build Order

trigger Protoss 

Build Orders: 1 Gate Expand, Phoenix Opening 

Get SALT Encoding   

  12  0:00  Probe  
  13  0:12  Probe  
  14  0:19  Pylon  
  14  0:24  Probe  
  15  0:33  Probe  
  15  0:38  Gateway  
  15  0:41  Probe  
  16  0:46  Assimilator  
  17  0:52  Probe  
  19  1:04  Probe  
  19  1:16  Probe  
  20  1:23  Nexus  
  20  1:30  Cybernetics Core  
  20  1:33  Probe  
  20  1:38  Assimilator  
  21  1:45  Probe  
  22  1:48  Pylon  
  22  1:54  Stalker  
  22  1:57  Probe  
  25  2:09  Probe  
  25  2:15  Shield Battery  
  26  2:21  Probe  
  27  2:23  Stargate  
  27  2:29  Adept  
  29  2:32  Probe  
  29  2:33  Probe  
  31  2:38  Warp Gate  
  31  2:40  Probe  
  32  2:46  Probe  
  32  2:50  Probe  
  34  2:59  Probe  
  34  3:00  Probe  
  35  3:09  Phoenix  
  35  3:10  Stalker, Probe  
  35  3:11  Probe  
  37  3:19  Gateway, Probe  
  40  3:25  Probe  
  42  3:29  Pylon  
  42  3:38  Probe  
  42  3:40  Phoenix  
  42  3:41  Probe  
  43  3:46  Probe  
  42  3:49  Probe  
  42  3:54  Probe  
  44  3:57  Probe  
  46  4:04  Twilight Council  
  46  4:06  Forge  
  46  4:08  Probe  
  47  4:15  Probe  
  47  4:16  Pylon  
  48  4:20  Probe  
  49  4:28  Charge  
  49  4:32  Protoss Ground Armor Level 1, Nexus  
  49  4:34  Probe x2  
  49  4:43  Phoenix  
  51  4:47  Probe  
  52  5:02  Gateway, Probe  
  52  5:04  Gateway, Probe  
  52  5:05  Pylon  
  54  5:10  Phoenix  
  54  5:12  Pylon  
  54  5:13  Phoenix  
  56  5:14  Probe  
  56  5:16  Pylon  
  56  5:18  Sentry  
  56  5:20  Zealot  
  61  5:25  Probe  
  61  5:26  Probe  
  63  5:32  Gateway  
  63  5:37  Probe  
  63  5:38  Probe  
  63  5:40  Probe  
  63  5:42  Gateway  
  65  5:48  Gateway, Probe  
  65  5:49  Phoenix, Probe  
  67  5:50  Probe  
  67  5:55  Zealot x2  
  73  5:58  Zealot  
  73  6:01  Zealot, Probe  
  73  6:03  Pylon  
  78  6:05  Probe  
  78  6:10  Gateway  
  79  6:17  Protoss Ground Weapons Level 1  
  79  6:19  Zealot x3  
  85  6:26  Zealot  
  85  6:27  Zealot  
  85  6:29  Pylon  
  89  6:33  Phoenix  
  91  6:40  Zealot x2  
  91  6:41  Zealot x2  
  91  6:43  Zealot  
  91  6:47  Pylon  
  101  6:48  Pylon  
  101  6:50  Zealot x2  
  101  6:53  Phoenix  
  87  7:04  Zealot x4, Sentry  
  89  7:12  Zealot x2  
  89  7:13  Phoenix  
  83  7:25  Zealot x4  
  83  7:26  Zealot  
  83  7:27  Zealot  
  75  7:40  Zealot x2  
  75  7:43  Phoenix  
  81  7:47  Zealot x6  
  93  7:55  Protoss Ground Armor Level 2  
  83  8:03  Zealot, Sentry  
  85  8:07  Pylon  
  85  8:08  Zealot x6  
  87  8:24  Zealot  
  87  8:25  Phoenix  
  91  8:27  Gateway  
  91  8:29  Zealot x7  
  105  8:45  Zealot  
  107  8:49  Zealot x7  
  85  9:13  Zealot x8  
  83  9:22  Zealot  
  85  9:26  Dark Shrine  
  85  9:27  Assimilator  
  85  9:33  Zealot x8  
  75  9:57  Zealot x5  
  75  9:58  Zealot x4  
  83  10:01  Phoenix  
  84  10:30  Nexus  
  84  10:34  Sentry x2  
  84  10:35  Zealot x6  
  100  10:39  Pylon  
  100  10:52  Dark Templar x3  
  106  11:01  Pylon  
  104  11:05  Zealot x5  
  110  11:23  Dark Templar  
  110  11:25  Zealot x7  
  94  11:46  Zealot x7  
Tags
 
Add a new tag
Caveats
  • Supply blocks, unpowered buildings, or Contaminate may cause inaccurate times.
  • Supply counts are checked every 10 seconds.